← All builds
Tech / Armada / Economy first / OBSERVED BUILD

Sharpshooter snipers

Armada Tech (Eco) build order · Supreme Isthmus

Standard T2 rush into an early Sharpshooter-led sniper bot push around 8:10-8:38, pairing T2 constructor support for Geo with sniper bots fighting at the middle rather than just economy scaling.

Usually first T2 con to Geo (81%)

#t2 #raid · 99 distinct matches · 51 players · 3% of Armada Tech games · team won 27% of 100 · Recently observed

THE CATCH, AND WHAT COMES WITH IT
  • SharpshooterT2 bot snipers from 8:11 · 6% of role by thenFrom the Advanced Bot Lab. Only 6% of Tech games have it by then; others who build it get it around 9:07

Where those units first fight, in 98 games with kill data: in the middle 55%, on their own side 45%.

Those units destroy a typical 1,393 metal of enemy units by 15:00.

Then transitions into anti-nuke (13% of army).

HOW TO PLAY IT

Key timing: Sharpshooter out by 9:04

  1. Open standard T2 rush with Bot Lab first.
  2. Finish Advanced Bot Lab on the normal T2 timing.
  3. Upgrade mex as usual while eco scales.
  4. Push Sharpshooter snipers from Advanced Bot Lab to fight forward in middle.
  5. Keep producing T2 cons and anti-nuke for the team.

Phase by phase

TYPICAL OF ITS 99 GAMES · AGAINST STANDARD TECH
  1. 1
  2. 2
  3. 3
  4. 4
  5. 5
PLAY THE OPENING

Follow the example game's first 9:11 step by step: what to build now, what comes next, and where it goes. At 1× it keeps pace with your own game.

  1. 1

    Up to the Bot Lab

    Economy
    • Metal Extractor3Mex
    • Wind Turbine4Wind
    Order
    1. Bot LabBot Lab after 3 mex, 4 winddone ~1:17, middle half 1:13–1:38

    Some games also: energy storage (37%)

    By 1:00 in all: 3 mex · 4 wind

    The example game in this phase · 7 steps
    1. Mex ×3
    2. Wind ×4
    3. Energy storage
    4. Wind
    5. Converter
    6. Wind
    7. Bot LabBot Labdone 1:51 · typical 1:17
  2. 2

    Bot Lab to Advanced Bot Lab

    Economy
    • Metal Extractor1Mex
    • Wind Turbine9Wind
    • Energy Storage1Energy storage
    Order
    1. Advanced Bot LabAdvanced Bot Lab after 4 mex, 13 wind, 3 con turretdone ~4:18, middle half 4:08–4:33
    Builders
    • Construction Turret3 Con turret
    • Lazarus3 Lazarus
    • Construction Bot2 Con bot
    • Construction Bot1 Con bot for allies

    Some games also: converter (43%)

    By 3:22 in all: 4 mex · 13 wind · 1 energy storage · 3 con turret

    The example game in this phase · 16 steps
    1. Construction BotCon bot ×3
    2. Con turret
    3. LazarusLazarus
    4. Mex
    5. Con turretfor Air
    6. LazarusLazarus ×2
    7. Wind ×3
    8. Converter
    9. Wind ×2
    10. Converter
    11. Wind
    12. Con turret
    13. Wind
    14. Converter ×2
    15. Wind ×9
    16. Advanced Bot LabAdvanced Bot Labdone 4:57 · typical 4:18
  3. 3

    Advanced Bot Lab to 5:00

    Economy
    • Wind Turbine1Wind−2 vs standard
    Order
    1. Bot LabEat Bot Lab
    Builders
    • Advanced Construction Bot1 T2 con bot for allies

    Some games also: converter (43%)

    By 5:00 in all: 4 mex · 15 wind · 2 converter · 1 energy storage · 3 con turret

    The example game in this phase · 3 steps
    1. Wind
    2. Bot LabEat Bot Labreclaimed for its metal
    3. GunslingerGunslingerfor Ponddone 5:12
  4. 4

    5:00 to T2 bot snipers

    Economy
    • Wind Turbine16Wind+5 vs standard
    • Energy Converter1Converter
    Order
    1. SharpshooterT2 bot snipers after 4 mex, 32 wind, 5 converterdone ~8:39, middle half 7:41–9:48
    Builders
    • Butler4 Butler
    • Advanced Construction Bot3 T2 con bot for allies

    Some games also: T2 con bot (36%)

    By 8:10 in all: 4 mex · 32 wind · 5 converter (standard 3) · 1 energy storage · 3 con turret

    The example game in this phase · 41 steps
    1. Advanced Construction BotT2 con bot ×2for Geo sea
    2. Advanced Metal ExtractorT2 mex ×4done 6:07 · typical 5:17
    3. Advanced Construction BotT2 con botfor Pond
    4. ButlerButler
    5. Wind
    6. ButlerButlerfor Air
    7. Wind
    8. ButlerButlerfor Air
    9. Wind
    10. ButlerButler
    11. Wind
    12. ButlerButler
    13. Advanced Construction BotT2 con botfor Air
    14. Wind
    15. Con turret
    16. ButlerButler
    17. Wind
    18. ButlerButler
    19. Wind ×12
    20. Converter
    21. Wind ×2
    22. Converter
    23. Wind ×2
    24. Converter
    25. Advanced Construction BotT2 con bot
    26. Wind ×2
    27. Converter
    28. Wind
    29. Con turret
    30. Wind ×2
    31. Converter
    32. Wind ×3
    33. Con turret
    34. Wind ×7
    35. Con turret
    36. Wind ×2
    37. Con turret
    38. Wind ×2
    39. Converter ×2
    40. Wind ×2
    41. SharpshooterSniper botdone 10:23 · typical 8:39
  5. 5

    T2 bot snipers to 10:00

    Economy
    • Wind Turbine19Wind−11 vs standard
    Army
    • Sharpshooter1 Sniper bot

    Some games also: converter (48%) · Butler (45%) · T2 con bot for allies (42%)

    The standard build makes here, this one skips: 4 converter · 5 Butler

    By 10:00 in all: 4 mex · 54 wind · 8 converter · 1 energy storage · 3 con turret

    The example game in this phase · 116 steps
    1. Converter
    2. Wind ×5
    3. Converter ×2
    4. Wind ×4
    5. Converter
    6. SharpshooterSniper bot
    7. Wind ×2
    8. Converter
    9. Wind ×3
    10. Metal storage
    11. Converter
    12. Wind ×2
    13. Converter
    14. Wind ×2
    15. Fusion ReactorFusiondone 11:43
    16. Converter
    17. Wind ×4
    18. Converter
    19. Wind
    20. Converter
    21. Wind ×3
    22. Converter
    23. Wind ×2
    24. Advanced Bot LabEat Advanced Bot Labreclaimed for its metal
    25. Wind ×2
    26. Converter
    27. Wind
    28. CitadelAnti-nukedone 12:37
    29. Wind
    30. Converter
    31. Wind
    32. Con turret
    33. Wind
    34. Con turret
    35. Wind
    36. Converter
    37. Con turret
    38. Wind ×2
    39. Converter
    40. Con turret
    41. Wind ×2
    42. Converter
    43. Wind ×3
    44. Converter
    45. Fusion ReactorFusion
    46. Wind ×3
    47. Converter
    48. Wind
    49. Converter
    50. Wind ×3
    51. Converter
    52. Wind ×2
    53. Converter
    54. Wind ×4
    55. Converter
    56. Wind
    57. Converter
    58. Wind ×3
    59. Converter
    60. Wind
    61. TracerTracer
    62. Wind
    63. Converter
    64. Wind ×2
    65. Aircraft PlantAircraft Plantdone 13:30
    66. Converter
    67. Wind ×2
    68. FalconFighter ×3for Air
    69. Wind ×2
    70. FalconFighterfor Air
    71. Converter
    72. FalconFighterfor Air
    73. Wind
    74. Converter
    75. Wind
    76. FalconFighter
    77. Wind ×2
    78. Construction AircraftCon aircraft
    79. Converter
    80. Construction AircraftCon aircraft
    81. Wind ×2
    82. Construction AircraftCon aircraft
    83. BlinkScout plane
    84. Converter
    85. Wind ×2
    86. BlinkScout plane ×3
    87. Wind
    88. Construction AircraftCon aircraft
    89. Wind
    90. Converter ×2
    91. Wind ×4
    92. Metal storage
    93. Converter
    94. Wind ×2
    95. Con turret
    96. Converter
    97. Con turret ×2
    98. Wind
    99. Con turret
    100. Wind
    101. T2 converter
    102. Converter
    103. Wind
    104. Con turret
    105. Wind
    106. Con turret
    107. Wind ×2
    108. Converter
    109. Con turret ×3
    110. Wind ×2
    111. Con turret ×2
    112. Converter
    113. Wind
    114. Con turret
    115. Wind
    116. Converter

Counts are medians over the build's games: half of them build more, half fewer. The example game is enderOS1's (33 OS, 12/10/2026); pick another.

Team trades

IN AT LEAST 30% OF ITS GAMES

You hand over

  • Construction Bot1 Con bot to Airfirst at 2:24 · in 89% of games
  • Advanced Construction Bot5 T2 con bot to Geo sea or Air or Pondfirst at 4:59 · in 100% of games
  • Butler2 Butler to Geo sea or Beach seafirst at 10:30 · in 36% of games

You get

  • Hercules2 Light transport from Airfirst at 4:04 · in 88% of games

How it plays out

Typical game of this build against the role’s standard build, running totals by minute

  • This build
  • Standard tech

Metal produced

020k40k
0:005:0010:0015:00

metal

Enemy metal destroyed

01k2k3k
0:005:0010:0015:00

metal

Own metal lost

05001k
0:005:0010:0015:00

metal

100 games.

Show as table
ByMetal produced: This buildMetal produced: Standard techEnemy metal destroyed: This buildEnemy metal destroyed: Standard techOwn metal lost: This buildOwn metal lost: Standard tech
1:003833830000
2:009139150000
3:00160416520000
4:00309831440000
5:00487048480000
6:00595658020000
7:00752072270000
8:00930690630000
9:0011455111770000
10:001380213509179000
11:0016263162476490690
12:001900819673101401300
13:002228123454151203280
14:0026270273621782068073
15:003009231555248185910130
WHAT THE NUMBERS SAY

Won far less often than the standard build, losing a lot more metal for only a modest gain in enemy metal destroyed.

  • + Enemy metal destroyed by 15:00 well above standard (2598 vs 262).
  • − Team win rate collapses to 21% vs standard's 53%.
  • − Own metal lost by 15:00 far exceeds standard (1360 vs 196).
THE EXAMPLE YOU ARE READING

enderOS1

33.2 OS · 12/10/2026

Open source match ↗

1 received units
1527 metal received · 124034 energy received

Allied construction assistance is unknown. Timings are observations, not a promise of solo reproducibility.

Typical milestones

Bot Lab1:17Middle 50%: 1:13–1:38 · n=100
Advanced Bot Lab4:18Middle 50%: 4:08–4:33 · n=100
Advanced Metal Extractor5:17Middle 50%: 4:57–5:41 · n=100
Sharpshooter8:39Middle 50%: 7:41–9:48 · n=100

Played most by

Amrissa15games of this buildDRM6games of this buildTheGeneraI5games of this buildenderOS14games of this buildKontraption4games of this build